[Event "Team 45 45 League T49"]
[Site "Internet Chess Club"]
[Date "2011.05.17"]
[Round "1"]
[White "milesotoole"]
[Black "BishopMike"]
[Result "0-1"]
[WhiteElo "1431"]
[BlackElo "1455"]
[Opening "Sicilian: closed"]
[ECO "B23"]
[Time "21:41:20"]
[TimeControl "2700+45"]

1. e4 c5 2. Nc3 d6 3. f4 g6 4. Bc4 Bg7 5. Nf3 e6 6. O-O Ne7 7. d3 d5 8. Bb3 Nbc6
9. Qe1 Qb6 10. Qh4 c4+ {White resigns} 0-1

[Event "Team 45 45 League T49"]
[Site "Internet Chess Club"]
[Date "2011.05.14"]
[Round "1"]
[White "TheronUAL"]
[Black "fuzzface"]
[Result "1-0"]
[WhiteElo "1401"]
[BlackElo "1379"]
[Opening "Vienna game"]
[ECO "C25"]
[Time "11:00:30"]
[TimeControl "2700+45"]

1. e4 e5 2. Nc3 d6 3. Nf3 Bg4 4. Bc4 Nf6 5. O-O Be7 6. h3 Bxf3 7. Qxf3 O-O 8. d3
Nc6 9. a3 Nd4 10. Qg3 Nh5 11. Qg4 Nf4 12. Bxf4 exf4 13. Rac1 Bg5 14. f3 g6 15.
h4 Bxh4 16. Bb3 Kg7 17. Rcd1 f5 18. Qxf4 fxe4 19. Qxe4 Nf5 20. Nd5 Re8 21. Qc4
Rc8 22. Nf4 Qf6 23. Rd2 Qd4+ 24. Qxd4+ Nxd4 25. Nh3 Ne2+ 26. Kh2 Nd4 27. Nf2 Bg5
28. Rdd1 Re5 29. Ne4 Ne2 30. Rde1 Bf4+ 31. Kh3 Nd4 32. g3 Bh6 33. f4 Rh5+ 34.
Kg2 Re8 35. Ng5 Rxe1 36. Rxe1 Nxb3 37. cxb3 Bxg5 38. fxg5 Rxg5 39. Re7+ Kh6 40.
Rxc7 Rb5 41. b4 a6 42. Rc4 d5 43. Rc5 Rxc5 44. bxc5 Kg5 45. Kf3 Kf5 46. d4 h5
47. b4 g5 48. a4 h4 49. g4+ Ke6 50. b5 h3 51. Kg3 axb5 52. axb5 Kd7 53. Kxh3 Kc7
54. Kg3 b6 55. Kf3 bxc5 56. dxc5 Kd7 57. Ke3 Ke6 58. Kd4 Kd7 59. Kxd5 Kc7 60.
Ke5 {Black resigns} 1-0

[Event "Team 45 45 League T49"]
[Site "Internet Chess Club"]
[Date "2011.05.12"]
[Round "1"]
[White "fledermaus"]
[Black "charles-allen"]
[Result "1-0"]
[WhiteElo "2000"]
[BlackElo "1878"]
[Opening "QGD: Cambridge Springs defense, Rubinstein variation"]
[ECO "D52"]
[Time "14:33:11"]
[TimeControl "2700+45"]

1. d4 d5 2. c4 c6 3. Nf3 Nf6 4. Nc3 e6 5. Bg5 Nbd7 6. e3 Qa5 7. Nd2 dxc4 8. Bxf6
Nxf6 9. Nxc4 Qc7 10. Rc1 Be7 11. g3 O-O 12. Bg2 Bd7 13. O-O Rac8 14. Qb3 b5 15.
Ne5 a6 16. Nd3 c5 17. dxc5 Bxc5 18. Nxb5 Bxb5 19. Rxc5 Qd7 20. Rfc1 Rxc5 21.
Nxc5 Rc8 22. Rd1 Qe8 23. Qa3 Rd8 24. Rxd8 Qxd8 25. Bf3 Qd2 26. Qc3 Qxc3 27. bxc3
Bc4 28. a3 Nd5 29. Bxd5 exd5 30. f3 Kf8 31. Kf2 Ke7 32. Na4 Kd6 33. Nb2 Kc5 34.
e4 d4 35. cxd4+ Kxd4 36. Nxc4 Kxc4 37. f4 Kb3 38. e5 g6 39. g4 Kxa3 40. f5 Kb4
41. e6 fxe6 42. fxe6 a5 43. e7 a4 44. e8=Q a3 45. Qf7 {Black resigns} 1-0

[Event "Team 45 45 League T49"]
[Site "Internet Chess Club"]
[Date "2011.05.15"]
[Round "1"]
[White "flyingpawns"]
[Black "DarkFlow"]
[Result "0-1"]
[WhiteElo "1706"]
[BlackElo "1993"]
[Opening "King's Indian: Petrosian system, Stein variation"]
[ECO "E92"]
[Time "12:01:19"]
[TimeControl "2700+45"]

1. d4 Nf6 2. c4 g6 3. Nc3 Bg7 4. Nf3 O-O 5. e4 d6 6. Be2 e5 7. d5 a5 8. O-O Na6
9. Be3 Ng4 10. Bd2 f5 11. exf5 Bxf5 12. h3 Nf6 13. Be3 Nc5 14. Nb5 Nfe4 15. Nd2
c6 16. dxc6 bxc6 17. Nxe4 Nxe4 18. Nc3 Nxc3 19. bxc3 Qc7 20. Rc1 Rab8 21. Qa4
Rb2 22. Bd1 Bd3 23. Re1 c5 24. Bb3 Qf7 25. Qc6 e4 26. Qxd6 Bh6 27. Qd5 Qxd5 28.
cxd5 Bxe3 29. Rxe3 c4 30. Ba4 Rxa2 31. Bc6 Rfxf2 32. Rg3 Rf6 33. Bd7 a4 34. Bb5
a3 35. d6 Rb2 36. d7 Rd6 37. Rd1 Rxb5 {White resigns} 0-1

[Event "Team 45 45 League T49"]
[Site "Internet Chess Club"]
[Date "2011.05.11"]
[Round "1"]
[White "Grenadier"]
[Black "j65536d"]
[Result "0-1"]
[WhiteElo "1782"]
[BlackElo "1824"]
[Opening "Sicilian: closed"]
[ECO "B23"]
[Time "20:00:56"]
[TimeControl "2700+45"]

1. e4 c5 2. Nc3 e6 3. f4 d5 4. exd5 exd5 5. Bb5+ Nc6 6. Qe2+ Be7 7. Nf3 Nf6 8.
Ne5 Qc7 9. O-O O-O 10. b3 Nd4 11. Qd1 Bd6 12. Ne2 Nxb5 13. Bb2 a5 14. c4 Na7 15.
cxd5 Nxd5 16. Rc1 f6 17. Nc4 Nc6 18. Qe1 Nxf4 19. Nxd6 Nxe2+ 20. Qxe2 Qxd6 21.
Rf3 Bg4 22. Qc4+ Be6 23. Qe2 Nd4 24. Bxd4 Qxd4+ 25. Re3 Bf7 26. Kf1 Rad8 27. d3
b6 28. Re1 Bg6 29. Rd1 Rde8 30. Rxe8 Rxe8 31. Qf3 Qe5 32. g3 h6 33. g4 Kh7 34.
h4 Qe3 35. Qxe3 Rxe3 36. d4 Rd3 {White resigns} 0-1

[Event "Team 45 45 League T49"]
[Site "Internet Chess Club"]
[Date "2011.05.14"]
[Round "1"]
[White "ChessicalZ"]
[Black "GoIrish"]
[Result "1-0"]
[WhiteElo "1680"]
[BlackElo "1574"]
[Opening "English: closed system"]
[ECO "A25"]
[Time "13:30:11"]
[TimeControl "2700+45"]

1. c4 e5 2. Nc3 Nc6 3. g3 g6 4. Bg2 Bg7 5. e4 d6 6. Nge2 f5 7. d3 Nf6 8. O-O O-O
9. h3 a5 10. Be3 Be6 11. Nd5 Ne7 12. Qd2 c6 13. Bb6 Qd7 14. Nc7 Rac8 15. Nxe6
Qxe6 16. Bxa5 fxe4 17. dxe4 Qxc4 18. b3 Qe6 19. Rad1 d5 20. exd5 cxd5 21. Nc3 e4
22. Rfe1 b6 23. Bb4 Rfd8 24. f3 Nc6 25. Ba3 Qe5 26. fxe4 dxe4 27. Qe3 Nh5 28.
Rxd8+ Rxd8 29. Nxe4 Nd4 30. Rc1 Nf5 31. Qxb6 Nhxg3 32. Qxd8+ Kf7 33. Rc7+ Ke6
34. Ng5# {Black checkmated} 1-0

[Event "Team 45 45 League T49"]
[Site "Internet Chess Club"]
[Date "2011.05.15"]
[Round "1"]
[White "PandorasBox"]
[Black "UsuallySleepy"]
[Result "1/2-1/2"]
[WhiteElo "1935"]
[BlackElo "1904"]
[Opening "English opening"]
[ECO "A20"]
[Time "04:04:42"]
[TimeControl "2700+45"]

1. c4 e5 2. g3 Nf6 3. Bg2 Nc6 4. Nc3 Bc5 5. e3 d6 6. Nge2 O-O 7. O-O a6 8. a3
Bf5 9. b4 Ba7 10. b5 axb5 11. cxb5 Na5 12. d3 Qd7 13. Rb1 Bh3 14. Bd2 Bxg2 15.
Kxg2 Bc5 16. a4 d5 17. Na2 {Game drawn by mutual agreement} 1/2-1/2

[Event "Team 45 45 League T49"]
[Site "Internet Chess Club"]
[Date "2011.05.13"]
[Round "1"]
[White "Muravey"]
[Black "rahulr"]
[Result "0-1"]
[WhiteElo "1563"]
[BlackElo "1625"]
[Opening "Alekhine's defense: exchange variation"]
[ECO "B02"]
[Time "18:30:54"]
[TimeControl "2700+45"]

1. e4 Nf6 2. e5 Nd5 3. c4 Nb6 4. d4 d6 5. exd6 cxd6 6. Nf3 g6 7. Nc3 Bg7 8. Be3
O-O 9. Bd3 e5 10. dxe5 dxe5 11. O-O Be6 12. b3 f5 13. Ng5 Bd7 14. c5 e4 15. cxb6
exd3 16. Qxd3 f4 17. Qd5+ Kh8 18. Bd4 Nc6 19. Bxg7+ Kxg7 20. Rad1 Bf5 21. Ne6+
Bxe6 22. Qxe6 Qxb6 23. Rd7+ Kh8 24. Nd5 Qd4 25. Rxb7 Nd8 26. Qd7 Nxb7 27. Qxb7
Rad8 28. Nc7 Rf7 29. Qc6 Rc8 30. Nb5 Qxf2+ 31. Rxf2 Rxc6 32. g3 f3 33. Rd2 Kg7
34. Kf2 a6 35. Nd4 Rcf6 36. g4 Kh6 37. h4 Rf4 38. g5+ Kh5 39. Rd1 Rd7 40. Ke3
Rfxd4 41. Rf1 Rd3+ 42. Kf4 R7d4+ 43. Kg3 Rg4+ 44. Kh2 Rd2+ 45. Kh3 f2 46. Kh2
Rg1 47. Rxg1 fxg1=Q+ 48. Kxg1 Kg4 49. Kf1 Kf3 50. Ke1 Ke3 51. Kf1 Rc2 52. Kg1
Kf3 53. a4 a5 54. b4 axb4 55. a5 b3 56. a6 b2 57. a7 b1=R# {White checkmated}
0-1

[Event "Team 45 45 League T49"]
[Site "Internet Chess Club"]
[Date "2011.05.15"]
[Round "1"]
[White "Walker42"]
[Black "Terte"]
[Result "1-0"]
[WhiteElo "2097"]
[BlackElo "2013"]
[Opening "Trompowsky attack (Ruth, Opocenský opening)"]
[ECO "A45"]
[Time "10:00:25"]
[TimeControl "2700+45"]

1. d4 Nf6 2. Bg5 d5 3. Bxf6 exf6 4. e3 Be6 5. g3 Nd7 6. Bg2 h5 7. h4 Nb6 8. Ne2
Bd6 9. a4 a5 10. b3 c6 11. Nf4 Bg4 12. Qd3 g5 13. Ne2 Qe7 14. c4 Bb4+ 15. Nbc3
Be6 16. c5 Nd7 17. Kf1 Bxc3 18. Qxc3 Bf5 19. Rh2 Nf8 20. b4 axb4 21. Qxb4 b5 22.
Nc3 Bd3+ 23. Kg1 f5 24. Ra3 Bc4 25. axb5 Rb8 26. hxg5 Qxg5 27. b6 h4 28. Qa4 Qg6
29. Nxd5 f4 30. Nc7+ Kd8 31. Qxc4 fxg3 32. fxg3 Qxg3 33. Qxf7 Nd7 34. Ne6+ Kc8
35. Rh3 Qg4 36. Ra7 {Black resigns} 1-0

[Event "Team 45 45 League T49"]
[Site "Internet Chess Club"]
[Date "2011.05.15"]
[Round "1"]
[White "Pason"]
[Black "imgr8"]
[Result "1/2-1/2"]
[WhiteElo "2058"]
[BlackElo "2088"]
[Opening "Queen's pawn game"]
[ECO "D02"]
[Time "09:01:23"]
[TimeControl "2700+45"]

1. d4 d5 2. Nf3 e6 3. c4 c5 4. Nc3 cxd4 5. Nxd4 Nc6 6. cxd5 exd5 7. g3 Nf6 8.
Bg2 Be7 9. O-O O-O 10. b3 Qb6 11. Nxc6 bxc6 12. Bb2 Bf5 13. Rc1 Rfd8 14. Na4 Qb5
15. Qd4 Ne8 16. Rfe1 Bf6 17. Qc5 Qxc5 18. Rxc5 Rac8 19. Rec1 Bxb2 20. Nxb2 Rd6
21. Nd1 Nf6 22. Ne3 Be6 23. b4 Rb8 24. a3 Rb6 25. Ra5 Rd7 26. Nc2 d4 27. Ne1 Nd5
28. Bxd5 Bxd5 29. Nd3 f6 30. Nf4 Bf7 31. Rac5 g5 32. Nd3 Bd5 33. Ra5 Re7 34. Kf1
Kg7 35. Nc5 Kg6 36. Nd3 h5 37. Rac5 Rb5 38. a4 Rxc5 39. Rxc5 Rd7 40. Ke1 Kf7 41.
Kd2 Ke6 42. Rc1 Kd6 43. Nc5 Re7 44. Kd3 f5 45. Rc2 Ke5 46. Kd2 Kd6 47. Kd3 Ke5
48. Kd2 {Game drawn by mutual agreement} 1/2-1/2

[Event "Team 45 45 League T49"]
[Site "Internet Chess Club"]
[Date "2011.05.15"]
[Round "1"]
[White "snottgoblin"]
[Black "poni"]
[Result "1-0"]
[WhiteElo "2015"]
[BlackElo "1968"]
[Opening "Réti opening"]
[ECO "A04"]
[Time "12:02:22"]
[TimeControl "2700+45"]

1. Nf3 d6 2. c4 e5 3. d4 e4 4. Ng5 f5 5. Nc3 Be7 6. Nd5 Bxg5 7. Bxg5 Qxg5 8.
Nxc7+ Kd8 9. Nxa8 e3 10. g3 exf2+ 11. Kxf2 Nf6 12. Qc1 Ng4+ 13. Ke1 Ne3 14. c5
d5 15. Qc3 Nc6 16. b4 Nxb4 17. Kf2 Ng4+ 18. Kf3 Nc6 19. e3 Re8 20. Re1 Nf6 21.
Bb5 Qg4+ 22. Kg2 Ne4 23. Qa3 f4 24. exf4 Qh3+ 25. Kg1 Bg4 26. Bxc6 bxc6 27. Qxa7
Bd7 28. Qc7+ Ke7 29. Nb6 Rd8 30. Nxd7 Rxd7 31. Qe5+ Kf8 32. f5 Re7 33. Qf4 Qh5
34. Kg2 Rb7 35. h4 Rb2+ 36. Kg1 Rxa2 37. Rh2 Ra3 38. Rg2 Qe8 39. g4 Qa8 40. h5
h6 41. f6 Nxf6 42. g5 hxg5 43. Rxg5 Qa5 44. Qd6+ Kg8 45. Qe7 Nxh5 46. Qe8+ Kh7
47. Qxh5+ {Black resigns} 1-0

[Event "Team 45 45 League T49"]
[Site "Internet Chess Club"]
[Date "2011.05.15"]
[Round "1"]
[White "koni"]
[Black "MrShaw"]
[Result "1-0"]
[WhiteElo "1954"]
[BlackElo "1764"]
[Opening "King's Indian: Torre attack"]
[ECO "A48"]
[Time "12:04:23"]
[TimeControl "2700+45"]

1. d4 Nf6 2. Nf3 g6 3. Bg5 Bg7 4. Nbd2 d5 5. c3 O-O 6. e3 Bg4 7. Be2 Nbd7 8. b4
Ne4 9. Nxe4 dxe4 10. Nd2 Bxe2 11. Qxe2 f5 12. h3 a5 13. b5 h6 14. Bf4 e5 15. Bh2
Rc8 16. Nc4 exd4 17. cxd4 Qe7 18. O-O b6 19. a4 g5 20. Qa2 Kh7 21. Rac1 f4 22.
Qc2 f3 23. gxf3 Rxf3 24. Nd2 Rxh3 25. Qxe4+ Qxe4 26. Nxe4 Rh4 27. Ng3 Nf6 28.
Nf5 Rg4+ 29. Kh1 Nd5 30. Nxg7 Kxg7 31. Rc6 Re4 32. Be5+ Kh7 33. Rfc1 Rh4+ 34.
Kg2 Rg4+ 35. Kh3 h5 36. Bxc7 Rf8 37. Bg3 Rf3 38. Rd6 Nf6 39. Rc7+ Kg6 40. Kg2
Rf5 41. f3 Rxg3+ 42. Kxg3 h4+ 43. Kg2 Kh5 44. Rcc6 {Black resigns} 1-0

[Event "Team 45 45 League T49"]
[Site "Internet Chess Club"]
[Date "2011.05.16"]
[Round "1"]
[White "TheSleepingOne"]
[Black "QueensCounselor"]
[Result "1/2-1/2"]
[WhiteElo "2132"]
[BlackElo "2154"]
[Opening "Sicilian: Sozin, 7.Be3"]
[ECO "B89"]
[Time "10:04:35"]
[TimeControl "2700+45"]

1. e4 c5 2. Nf3 d6 3. d4 cxd4 4. Nxd4 Nf6 5. Nc3 Nc6 6. Bc4 e6 7. Be3 Be7 8. Bb3
O-O 9. Qe2 d5 10. O-O-O Bb4 11. Ndb5 Na5 12. exd5 Nxb3+ 13. cxb3 exd5 14. a3 a6
15. Nd4 Be7 16. f3 Qc7 17. Kb1 Bd7 18. Rc1 Qd6 19. Qd2 Rac8 20. g4 h6 21. h4
Rfe8 22. g5 hxg5 23. hxg5 Nh5 24. Ka2 g6 25. f4 b5 26. Nce2 Rxc1 27. Rxc1 Rc8
28. Rh1 b4 29. a4 a5 30. f5 Qe5 31. fxg6 fxg6 32. Nf4 Qe4 33. Re1 Bf8 34. Nxh5
gxh5 35. Bf4 Qg6 36. Nf3 Rc2 37. Qxd5+ Qf7 38. Qxf7+ Kxf7 39. Ne5+ Ke7 40. Ng6+
Kf7 41. Nxf8 Kxf8 42. g6 Rg2 43. g7+ Kg8 44. Be5 Rg5 45. Bf6 Rf5 46. Bd8 Rd5 47.
Bf6 Rf5 48. Bh4 Rd5 49. Bf6 {Game drawn by mutual agreement} 1/2-1/2

[Event "Team 45 45 League T49"]
[Site "Internet Chess Club"]
[Date "2011.05.17"]
[Round "1"]
[White "fledermaus"]
[Black "Uragon-bocho"]
[Result "1/2-1/2"]
[WhiteElo "2031"]
[BlackElo "1981"]
[Opening "QGD: 4.Bg5 Be7"]
[ECO "D53"]
[Time "15:26:27"]
[TimeControl "2700+45"]

1. d4 Nf6 2. c4 e6 3. Nc3 d5 4. Bg5 Be7 5. e3 a6 6. cxd5 exd5 7. Bd3 c6 8. Qc2
Nbd7 9. Nge2 h6 10. Bh4 Nh5 11. Bxe7 Qxe7 12. O-O-O b5 13. g4 Nhf6 14. Ng3 Nb6
15. h3 a5 16. e4 O-O 17. e5 Ne8 18. Nf5 Qd8 19. Ne2 Nc4 20. b3 Qg5+ 21. f4 Qd8
22. Neg3 Na3 23. Qc5 b4 24. Qe7 Qb6 25. Qh4 c5 26. Ne7+ Kh8 27. Nxd5 Qc6 28. Qe7
cxd4+ 29. Kb2 Kg8 30. Rc1 Qxd5 31. Be4 Qb5 32. Bxa8 Qd3 33. Rxc8 Qd2+ 34. Ka1
Nc2+ 35. Rxc2 Qxc2 {Game drawn by mutual agreement} 1/2-1/2

[Event "Team 45 45 League T49"]
[Site "Internet Chess Club"]
[Date "2011.05.15"]
[Round "1"]
[White "randallsr"]
[Black "ryan2chess"]
[Result "1/2-1/2"]
[WhiteElo "1756"]
[BlackElo "1887"]
[Opening "English: symmetrical variation"]
[ECO "A38"]
[Time "09:00:26"]
[TimeControl "2700+45"]

1. Nf3 c5 2. c4 Nc6 3. g3 g6 4. Nc3 Bg7 5. Bg2 Nf6 6. b3 d5 7. cxd5 Nxd5 8. Bb2
O-O 9. Rc1 Bf5 10. Na4 Bxb2 11. Nxb2 b6 12. O-O Rc8 13. d3 Nf6 14. Nc4 Qc7 15.
Qd2 Kg7 16. Rfe1 Rfd8 17. Qb2 Qd7 18. Ne3 Bh3 19. Rc4 Bxg2 20. Kxg2 Qb7 21. Kg1
Qd7 22. Ne5 Nxe5 23. Qxe5 Rc6 24. Kg2 Re6 25. Qb2 Qc6+ 26. Kg1 Kg8 27. b4 Qb5
28. Rb1 cxb4 29. Qxb4 Qxb4 30. Rbxb4 Nd5 31. Nxd5 Rxd5 32. Rb2 b5 33. Rc7 a5 34.
Rbc2 Kg7 35. h4 h5 36. f4 Kf6 37. Kf2 Rb6 38. Ra7 b4 39. Rcc7 Re6 40. Kf3 Rb5
{Game drawn by mutual agreement} 1/2-1/2

[Event "Team 45 45 League T49"]
[Site "Internet Chess Club"]
[Date "2011.05.14"]
[Round "1"]
[White "Nikhil03"]
[Black "Signalman"]
[Result "0-1"]
[WhiteElo "1543"]
[BlackElo "1578"]
[Opening "Ruy Lopez: modern Steinitz defense, 5.O-O"]
[ECO "C72"]
[Time "04:31:18"]
[TimeControl "2700+45"]

1. e4 e5 2. Nf3 Nc6 3. Bb5 a6 4. Ba4 d6 5. O-O Bd7 6. c3 Nge7 7. h3 Ng6 8. d4
Be7 9. d5 Nb8 10. Bc2 O-O 11. c4 a5 12. b3 Na6 13. Nc3 Nb4 14. Bb1 Nf4 15. Ne2
Nxe2+ 16. Qxe2 c6 17. Nh2 cxd5 18. exd5 f5 19. f4 exf4 20. Rxf4 Bg5 21. Rf1 Qb6+
22. Kh1 Rae8 23. Qd1 Bf6 24. a3 Bxa1 25. axb4 Qxb4 26. Bd2 Bc3 27. Bg5 h6 28.
Bh4 b5 29. Qc2 bxc4 30. bxc4 Qxc4 31. Bg3 Re2 32. Qd1 Rd2 33. Qh5 Rxd5 34. Qg6
Rf6 35. Qh5 f4 36. Qh4 g5 37. Qh5 fxg3 38. Rxf6 Bxf6 39. Qg6+ Bg7 40. Qh7+ Kf8
41. Nf3 Rd1+ 42. Ng1 Rxg1+ 43. Kxg1 Qc1# {White checkmated} 0-1

[Event "Team 45 45 League T49"]
[Site "Internet Chess Club"]
[Date "2011.05.14"]
[Round "1"]
[White "chrisgianno"]
[Black "mmf00"]
[Result "0-1"]
[WhiteElo "1558"]
[BlackElo "1916"]
[Opening "Nimzo-Indian defense"]
[ECO "E20"]
[Time "14:06:35"]
[TimeControl "2700+45"]

1. d4 Nf6 2. c4 e6 3. Nc3 Bb4 4. Bd2 d5 5. cxd5 exd5 6. Nf3 O-O 7. Qb3 Be7 8. e3
c6 9. Bd3 Qc7 10. Rc1 Qb6 11. Qc2 Be6 12. Ng5 h6 13. Nxe6 fxe6 14. Bg6 Nbd7 15.
Ne2 e5 16. dxe5 Nxe5 17. Nf4 Nxg6 18. Qxg6 Qxb2 19. Ne6 Rf7 20. e4 Bb4 21. O-O
Bxd2 22. Rb1 Qe5 23. exd5 cxd5 24. Nc5 b6 25. Nd3 Qe4 26. Qg3 Nh5 27. Qh3 Nf4
28. Nxf4 Bxf4 29. Rfe1 Qf5 30. Qa3 Qf6 31. Rb3 Bd6 32. Qc1 Qxf2+ 33. Kh1 Raf8
34. Rb1 Qh4 {White resigns} 0-1

[Event "Team 45 45 League T49"]
[Site "Internet Chess Club"]
[Date "2011.05.14"]
[Round "1"]
[White "dinosaurs01"]
[Black "werty"]
[Result "1-0"]
[WhiteElo "1467"]
[BlackElo "1565"]
[Opening "French: advance, Euwe variation"]
[ECO "C02"]
[Time "14:31:09"]
[TimeControl "2700+45"]

1. e4 e6 2. d4 d5 3. e5 c5 4. c3 Nc6 5. Nf3 Bd7 6. Be2 Nge7 7. Bg5 cxd4 8. cxd4
Qb6 9. Na3 Nf5 10. Nc2 h6 11. Be3 Nxe3 12. fxe3 Be7 13. Rb1 Nb4 14. a3 Nxc2+ 15.
Qxc2 Rc8 16. Qd3 a6 17. Kf2 O-O 18. b4 Rc7 19. Rhc1 Rfc8 20. Qd2 Rxc1 21. Rxc1
Rxc1 22. Qxc1 Qc6 23. Qxc6 Bxc6 24. Nd2 f6 25. Nf3 Kf7 26. g3 Ba4 27. Nh4 fxe5
28. dxe5 Bb3 29. Bh5+ Kg8 30. Bg4 Bxh4 31. Bxe6+ Kf8 32. gxh4 Ke7 33. Bc8 Bc4
34. Ke1 b6 35. Kd2 a5 36. bxa5 bxa5 37. Kc3 Bb5 38. Kd4 Bc4 39. e4 Kd8 40. Bg4
{Black resigns} 1-0

[Event "Team 45 45 League T49"]
[Site "Internet Chess Club"]
[Date "2011.05.13"]
[Round "1"]
[White "SugarIslander"]
[Black "civilization"]
[Result "1/2-1/2"]
[WhiteElo "1659"]
[BlackElo "1762"]
[Opening "Grünfeld: exchange variation"]
[ECO "D85"]
[Time "16:14:14"]
[TimeControl "2700+45"]

1. d4 Nf6 2. c4 g6 3. Nc3 d5 4. cxd5 Nxd5 5. e4 Nxc3 6. bxc3 Bg7 7. Be3 O-O 8.
Qd2 c5 9. Bc4 Nc6 10. Ne2 Bg4 11. f3 Bc8 12. O-O Qa5 13. Rfd1 Rd8 14. Rab1 a6
15. Qb2 b5 16. Bd5 Bb7 17. dxc5 e6 18. Bxc6 Bxc6 19. Nd4 Rac8 20. Nxc6 Rxd1+ 21.
Rxd1 Rxc6 22. Rd3 h5 23. Qd2 Rc8 24. Bd4 Kh7 25. Bxg7 Kxg7 26. Rd7 Kg8 27. Rxf7
Rd8 28. Rd7 Rxd7 29. Qxd7 Qxc3 30. Qxe6+ Kg7 31. Qd7+ Kh6 32. Qd1 Qxc5+ 33. Kh1
Qc4 34. Qd2+ Kh7 35. h3 b4 36. e5 a5 37. Qd7+ Kh6 38. Qd2+ Kh7 39. Qb2 a4 40. e6
Qxe6 41. Qxb4 Qxa2 42. Qe7+ Kg8 43. Qe8+ Kg7 44. Qe5+ {Game drawn by mutual
agreement} 1/2-1/2

[Event "Team 45 45 League T49"]
[Site "Internet Chess Club"]
[Date "2011.05.14"]
[Round "1"]
[White "Theodulf"]
[Black "oldsj"]
[Result "1/2-1/2"]
[WhiteElo "1667"]
[BlackElo "1614"]
[Opening "Ruy Lopez: open, 6.d4"]
[ECO "C80"]
[Time "09:03:49"]
[TimeControl "2700+45"]

1. e4 e5 2. Nf3 Nc6 3. Bb5 a6 4. Ba4 Nf6 5. O-O Nxe4 6. d4 d5 7. Bxc6+ bxc6 8.
dxe5 Be7 9. Nbd2 Nc5 10. Nd4 Bd7 11. N2f3 Ne6 12. c3 c5 13. Nf5 c6 14. Re1 O-O
15. Be3 Re8 16. Nxe7+ Qxe7 17. Qd2 Nc7 18. Bg5 Qf8 19. Re3 Bg4 20. Rae1 Ne6 21.
h3 Bf5 22. Bh4 Nf4 23. Bg3 Ng6 24. Nh4 Be6 25. Nxg6 hxg6 26. f3 Qe7 27. b3 Rad8
28. Qb2 Qa7 29. Bf2 d4 30. cxd4 cxd4 31. Rd3 c5 32. Rc1 a5 33. Qa3 Bf5 34. Rd2
Rxe5 35. g4 Be6 36. f4 Red5 37. Rdc2 Rc8 38. Rc4 Qc7 39. Rxd4 Rxd4 40. Bxd4 Qxf4
41. Bf2 c4 42. bxc4 Rxc4 43. Rxc4 Qxc4 44. Qxa5 {Game drawn by mutual agreement}
1/2-1/2

[Event "Team 45 45 League T49"]
[Site "Internet Chess Club"]
[Date "2011.05.16"]
[Round "1"]
[White "rom1"]
[Black "allanchs"]
[Result "0-1"]
[WhiteElo "1546"]
[BlackElo "1520"]
[Opening "Catalan: closed, 5.Nf3"]
[ECO "E06"]
[Time "09:10:55"]
[TimeControl "2700+45"]

1. d4 d5 2. c4 e6 3. Nf3 Nf6 4. g3 Be7 5. Bg2 O-O 6. Nc3 c6 7. cxd5 exd5 8. O-O
Be6 9. Rb1 Qd7 10. b4 Bf5 11. Ne5 Qc8 12. Rb2 Bh3 13. a4 Bxg2 14. Kxg2 Nbd7 15.
Nxd7 Qxd7 16. b5 h6 17. e3 Rfe8 18. Qd3 Bd6 19. Rc2 Rac8 20. Bb2 Bb4 21. Na2 Bd6
22. Ba3 Bxa3 23. Qxa3 Qf5 24. Qc1 cxb5 25. Rxc8 Rxc8 26. Qb1 Qxb1 27. Rxb1 bxa4
28. Rxb7 Rc2 29. Nb4 Rb2 30. Rb8+ Kh7 31. Ra8 Rxb4 32. Rxa7 Ne4 33. f3 Nc3 34.
Rc7 Rb3 35. Rxf7 a3 36. Ra7 a2 37. Kh3 Nb5 38. Ra5 Nc3 39. Kg4 Rb1 40. e4 dxe4
41. fxe4 a1=Q 42. Rxa1 Rxa1 43. Kf4 Ra5 44. e5 Kg6 45. h4 Kf7 46. Kf5 Ne2 {White
resigns} 0-1

[Event "Team 45 45 League T49"]
[Site "Internet Chess Club"]
[Date "2011.05.19"]
[Round "1"]
[White "matthewc"]
[Black "smsxman"]
[Result "0-1"]
[WhiteElo "1335"]
[BlackElo "1343"]
[Opening "King's gambit"]
[ECO "C30"]
[Time "07:51:19"]
[TimeControl "2700+45"]

1. e4 e5 2. f4 Nc6 3. Nf3 d6 4. Nc3 Be7 5. fxe5 dxe5 6. Bc4 Nf6 7. O-O O-O 8. d4
exd4 9. Nxd4 Bc5 10. Be3 Ng4 11. Nd5 Nxd4 12. Bxd4 Bxd4+ 13. Qxd4 c6 14. e5 cxd5
15. Bxd5 Be6 16. c4 Nh6 17. Qe4 Bxd5 18. cxd5 Rb8 19. d6 b6 20. Rad1 Re8 21. Qf4
b5 22. Rd3 Qb6+ 23. Kh1 Qc5 24. Re3 f6 25. Rfe1 fxe5 26. Rxe5 Rxe5 27. Rxe5 Qc4
28. Qxc4+ bxc4 29. d7 Kf7 30. Rd5 Ke7 31. g3 Nf7 32. Ra5 Kxd7 33. Rxa7+ Ke8 34.
Rc7 Rxb2 35. a4 Rb4 36. a5 Ra4 37. a6 Rxa6 38. Rxc4 Rf6 39. Re4+ Kd7 40. Rd4+
Nd6 41. Ra4 Ke6 42. Ra7 Nf7 43. Ra6+ Ke5 44. Ra5+ Ke4 45. Ra4+ Kd3 46. Kg2 h5
47. Ra3+ Kc2 48. Ra2+ Kb1 49. Ra8 g6 50. Rb8+ Kc2 51. Rc8+ Kd3 52. Ra8 Ne5 53.
Ra3+ Ke4 54. Ra4+ Kf5 55. Rf4+ Ke6 56. Rxf6+ Kxf6 57. Kf2 Kf5 58. h3 Nd3+ 59.
Kf3 Ne1+ 60. Kf2 Nd3+ 61. Kf3 Ne5+ 62. Kf2 g5 63. h4 g4 64. Ke3 Nc4+ 65. Kf2 Ke4
66. Ke2 Ne5 67. Kf2 Nf3 68. Ke2 Kd4 69. Kf2 Ne5 70. Ke2 Ke4 71. Kf2 Nd3+ 72. Ke2
Nc1+ 73. Kf2 Nb3 74. Ke2 Nc5 75. Kf2 Nd7 76. Ke2 Nf8 77. Kf2 Ng6 78. Ke2 Kd4 79.
Kd2 Ne7 80. Ke2 Nf5 81. Kf2 Kd3 82. Kg2 Ke2 83. Kh2 Kf3 84. Kg1 Kxg3 85. Kh1
Kxh4 86. Kg2 Kg5 87. Kh2 h4 88. Kg2 Ne3+ 89. Kf2 Kf4 90. Kg1 g3 91. Kh1 Ng4 92.
Kg1 Kf3 93. Kf1 h3 94. Kg1 Ne5 95. Kh1 Ng4 96. Kg1 Ke2 97. Kh1 g2+ 98. Kg1 Ne3
99. Kh2 Kf2 100. Kxh3 g1=Q 101. Kh4 Qg4# {White checkmated} 0-1

[Event "Team 45 45 League T49"]
[Site "Internet Chess Club"]
[Date "2011.05.13"]
[Round "1"]
[White "PJ"]
[Black "bayoumicardio10"]
[Result "0-1"]
[WhiteElo "1662"]
[BlackElo "1661"]
[Opening "Pirc defense"]
[ECO "B07"]
[Time "14:00:56"]
[TimeControl "2700+45"]

1. e4 d6 2. d4 Nf6 3. Bd3 g6 4. Ne2 Bg7 5. h3 c5 6. c3 cxd4 7. cxd4 O-O 8. O-O
Nc6 9. Be3 Bd7 10. Nbc3 Nb4 11. Bb1 a6 12. a3 Nc6 13. Bd3 Rc8 14. b4 b5 15. Qd2
Rc7 16. d5 Ne5 17. Bb6 Qc8 18. Bxc7 Bxh3 19. gxh3 Nf3+ {White resigns} 0-1

[Event "Team 45 45 League T49"]
[Site "Internet Chess Club"]
[Date "2011.05.16"]
[Round "1"]
[White "Innes"]
[Black "ElMarginal"]
[Result "0-1"]
[WhiteElo "1708"]
[BlackElo "1562"]
[Opening "Danish gambit"]
[ECO "C21"]
[Time "20:00:21"]
[TimeControl "2700+45"]

1. e4 e5 2. d4 exd4 3. c3 d3 4. Bxd3 d6 5. c4 Be7 6. Nc3 Nf6 7. h3 Nc6 8. Be3
Be6 9. f4 a6 10. Nf3 Bd7 11. g4 Nb4 12. a3 Nxd3+ 13. Qxd3 Bc6 14. Nd5 Nxd5 15.
exd5 Bd7 16. O-O-O c5 17. Rde1 O-O 18. f5 b5 19. g5 bxc4 20. Qc2 f6 21. gxf6
Bxf6 22. Rhg1 Bxf5 23. Qg2 Rb8 24. Bg5 Rxb2 25. Bxf6 Rxg2 26. Bxd8 Rxg1 27. Rxg1
Rxd8 28. Ng5 Rb8 29. Kd2 Rb3 30. a4 c3+ 31. Ke3 c2+ 32. Kd2 Rb1 33. Rc1 Rxc1 34.
Kxc1 h6 35. Nf3 Be4 36. Nd2 Bxd5 37. a5 Bg2 38. h4 g5 39. hxg5 hxg5 40. Kxc2 Kf7
41. Nc4 Ke6 42. Kd2 d5 43. Nb6 Kf5 44. Nd7 c4 45. Nc5 Ke5 46. Nxa6 Kd6 47. Kc3
g4 48. Nb4 Kc5 49. Nc2 Kb5 50. Ne3 Bf3 51. Kd4 Kxa5 52. Nf1 Kb4 53. Ke3 c3 54.
Kd3 Kb3 55. Ne3 Be4+ 56. Ke2 c2 57. Kd2 Kb2 58. Nxc2 Bxc2 59. Ke3 Be4 60. Kf2 d4
61. Ke2 Kc3 {White resigns} 0-1